AoeStats
← Diyaker1912

Arena

508244704Analyzed
1v1 RM · 10d ago on Sep 21, 2026· 36m 1s· 2 players
Game mode
Random Map
Map size
Tiny (2 player)
Population
200
Speed
Normal
Resources
Standard
Victory
Conquest
Starting age
Dark Age
Ending age
Imperial Age
RankedLock teamsTeams togetherTeam positionsShared explorationLock speedFull tech treeHidden civsTurbo modeCheats
Victory
Defeat
🇹🇼 Japanese · Taiwan
608
+14
🇹🇷 Turks · Türkiye
569
-14
Diyaker1912
10:34 Feudal Age
11:44 Horse Collar
19:35 Castle Age
18:20 Double-Bit Axe
19:19 Bloodlines
20:48 Man-at-Arms
22:36 Heavy Plow
24:37 Long Swordsman
32:15 Padded Archer Armor
35:54 Leather Archer Armor
airpan26
1:02 Loom
11:37 Feudal Age
14:40 Horse Collar
17:26 Castle Age
15:14 Double-Bit Axe
18:36 Wheelbarrow
18:49 Pikeman
22:45 Gold Mining
24:15 Squires
25:22 Gold Shaft Mining
26:48 Heavy Plow
34:28 Forging
34:19 Scale Mail Armor
Connection lost

Rejoining the realm…

Still unreachable

The connection could not be restored.

Session expired

The server has moved on; the page needs a fresh start.